 Dungeon Crawl Stone Soup version 0.30-a0-297-g0ec75d9ef4 (webtiles) character file.

Game seed: 10319757029232323852

1372 Essalna the Covered (level 8, -16/111 HPs)
             Began as an Armataur Berserker on Oct 19, 2022.
             Was an Elder of Trog.
             Demolished by an ogre
             ... wielding a +0 giant club
              (25 damage)
             ... on level 6 of the Dungeon.
             The game lasted 00:12:32 (6026 turns).

Essalna the Covered (Armataur Berserker)            Turns: 6026, Time: 00:12:32

Health: -16/111    AC: 15    Str: 24    XL:     8   Next: 38%
Magic:  4/8        EV:  6    Int:  7    God:    Trog [****..]
Gold:   232        SH:  0    Dex: 11    Spells: 7/7 levels left

rFire   . . .      SeeInvis .    a - +1 mace
rCold   . . .      Faith    .    (no shield)
rNeg    . . .      Spirit   .    t - +0 chain mail
rPois   .          Reflect  .    z - +1 helmet
rElec   .          Harm     .    (no cloak)
rCorr   .          Roll     +    s - +2 pair of gloves {infuse}
Will    .....                    (no barding)
Stlth   ..........               (no amulet)
HPRegen 0.38/turn                (no ring)
MPRegen 0.11/turn                (no ring)

@: berserking, very quick
A: large, rugged brown scales 3, deformed body, armoured tail, roll, long
tongue, awkward tongue
a: Renounce Religion, Berserk, Trog's Hand, Brothers in Arms


You were on level 6 of the Dungeon.
You worshipped Trog.
Trog was greatly pleased with you.
You visited 2 branches of the dungeon, and saw 7 of its levels.
You also visited: Ossuary.

You collected 359 gold pieces.
You spent 127 gold pieces at shops.

Inventory:

Hand Weapons
 a - a +1 mace (weapon)
Missiles
 C - a throwing net (quivered)
Armour
 b - a +0 animal skin
 q - a +0 ring mail
 s - a +2 pair of gloves of infusion (worn)
 t - a +0 chain mail (worn)
 z - a +1 helmet (worn)
Jewellery
 A - a ring of protection from cold
Wands
 u - a wand of roots (15)
 x - a wand of mindburst (12)
 y - a wand of digging (4)
Scrolls
 c - 2 scrolls of enchant armour
 e - 7 scrolls of identify
 l - a scroll of butterflies
 m - 7 scrolls of teleportation
 p - 2 scrolls of magic mapping
 w - a scroll of immolation {unknown}
Potions
 d - a potion of brilliance
 f - 2 potions of resistance {unknown}
 g - 4 potions of heal wounds {unknown}
 h - a potion of haste {unknown}
 i - a potion of degeneration {unknown}
 j - 2 potions of mutation {unknown}
 k - a potion of invisibility {unknown}
 n - 3 potions of curing {unknown}
 o - 2 potions of might {unknown}
 r - 3 potions of flight {unknown}
 v - a potion of cancellation {unknown}
 B - a potion of magic {unknown}


   Skills:
 + Level 6.0 Fighting
 + Level 6.0 Maces & Flails
 + Level 7.6 Armour
 - Level 1.3 Dodging


You had 7 spell levels left.
You didn't know any spells.
Your spell library was empty.

Dungeon Overview and Level Annotations

Branches:
Dungeon (6/15)             Temple (1/1) D:4         Ossuary (visited)

Altars:
Ashenzari
Cheibriados
Makhleb
Wu Jian
Xom
Zin

Shops:
D:2 [!((?


Innate Abilities, Weirdness & Mutations

You are completely covered in rugged brown scales. (AC +3, +7% HP)
Armour fits poorly on your strangely shaped body.
You have a long armoured tail.
You roll when moving toward enemies. (Rampage)
Your long tongue fully drains potion bottles. (2x potion effects)
Your tongue gives you trouble enunciating. (1.5x scroll delay)


Message History

There are monsters nearby!
There are monsters nearby!
Unknown command.
There are monsters nearby!
There are monsters nearby!
Something hits you but does no damage.
There are monsters nearby!
There are monsters nearby!
There are monsters nearby!
A sky beast appears from thin air!
Reactivating autopickup.
You sock the sky beast!
The sky beast is severely wounded.
The sky beast hits you but does no damage.
The sky beast hits you. The sky beast shocks you.
You sock the sky beast!
You kill the sky beast!
Trog accepts your kill. The ogre closely misses you.
Your Fighting skill increases to level 6!
Your Maces & Flails skill increases to level 6!
Things that are here:
a +0 dagger; a +0 robe
Things that are here:
a +3 dagger; an orc skeleton The ogre attacks as you move away!
The ogre hits you with a +0 giant club!
You closely miss the ogre.
Your tail-slap misses the ogre.
The ogre hits you with a +0 giant club!!
* * * LOW HITPOINT WARNING * * *
You hit the ogre.
The ogre is lightly wounded.
You sock the ogre!
The ogre is moderately wounded.
The ogre hits you with a +0 giant club.
* * * LOW HITPOINT WARNING * * *
A red film seems to cover your vision as you go berserk!
You feel yourself moving faster!
You feel mighty! Trog will no longer gift you weapons.
The ogre hits you with a +0 giant club!!
You die...

# #....#))...#...#.##
####...##............#
...'...##......#..#..#
#..#...##......#..#..#
#..##+###.........#..#
......###.....o#.##..#
####....#......Y.....# .
#....#......#O##.##########
.
#....#......#@##..........#
#....#......#.#########.###
#....#......#.# #.# #.#
.###....#......#.#####.# #.#
......###...........<#.# #.#
#####.# #.........[....# #.#
#.####..#.##.#####.###.#
#.............#........#
##########..#.#####.##.#####


You could see an ice beast, an ogre and an orc.

Vanquished Creatures
  Sigmund (D:3)
  Menkaure (Ossuary)
  A water moccasin (D:5)
  An ice beast (D:5)
  A black bear (D:5)
  A sky beast (D:6)
  An ogre (D:5)
  A scorpion (D:4)
  2 hounds
  A gnoll bouda (Temple)
  Ijyb (D:3)
  2 iguanas
  An orc wizard (D:6)
  3 mummies (Ossuary)
  7 gnolls
  12 adders
  An ufetubus (D:5)
  4 worms
  3 dart slugs
  11 orcs
  7 ball pythons
  7 bats
  11 endoplasms
  6 giant cockroaches
  A gnoll zombie (Ossuary)
  5 goblins
  5 hobgoblins
  4 jackals (D:3)
  3 quokkas
  A frilled lizard (D:1)
  3 gnoll skeletons (Ossuary)
  5 goblin skeletons (Ossuary)
  5 goblin zombies (Ossuary)
  8 hobgoblin skeletons (Ossuary)
  5 hobgoblin zombies (Ossuary)
  6 kobolds
  4 kobold skeletons (Ossuary)
  4 kobold zombies (Ossuary)
  3 orc skeletons (Ossuary)
  8 orc zombies (Ossuary)
  7 rats
  2 rat skeletons (Ossuary)
  2 rat zombies (Ossuary)
168 creatures vanquished.

Notes
Turn   | Place    | Note
-------+----------+-------------------------------------------
     0 | D:1      | Essalna the Armataur Berserker began the quest for the Orb.
     0 | D:1      | Reached XP level 1. HP: 19/19 MP: 1/1
   144 | D:1      | Reached XP level 2. HP: 26/26 MP: 2/2
   147 | D:1      | Found a faded altar of an unknown god.
   238 | D:1      | Reached skill level 3 in Armour
   262 | D:1      | Reached XP level 3. HP: 17/33 MP: 3/3
   532 | D:1      | Reached ** piety under Trog
   699 | D:2      | Found a snail-covered altar of Cheibriados.
   814 | D:2      | Found Hafafin's Weapon Shop.
   840 | D:2      | Reached XP level 4. HP: 14/40 MP: 4/4
   953 | D:2      | Found Cuvaaz's Distillery.
  1005 | D:2      | Found Caaxus's Antique Armour Boutique.
  1166 | D:2      | Found Kyir Dic's Antique Weapon Shop.
  1408 | D:2      | Found Bimpisiatut's Magic Scroll Shoppe.
  1628 | D:2      | Bought a pair of glowing gloves for 127 gold pieces
  1810 | D:3      | Reached skill level 4 in Armour
  2061 | D:3      | Noticed Ijyb
  2084 | D:3      | Killed Ijyb
  2085 | D:3      | Reached XP level 5. HP: 42/49 MP: 0/5
  2254 | D:3      | Found a broken altar of Ashenzari.
  2256 | D:3      | Found an ornate altar of the Wu Jian Council.
  2296 | D:3      | Found a glowing silver altar of Zin.
  2497 | D:3      | Noticed Sigmund
  2502 | D:3      | Killed Sigmund
  2503 | D:3      | Reached skill level 5 in Armour
  2503 | D:3      | Reached XP level 6. HP: 56/56 MP: 3/6
  2719 | D:4      | Reached *** piety under Trog
  2749 | D:4      | Found a sand-covered staircase.
  2754 | Ossuary  | Entered an ossuary
  3310 | Ossuary  | Reached **** piety under Trog
  3540 | Ossuary  | Noticed Menkaure
  3549 | Ossuary  | Killed Menkaure
  3550 | Ossuary  | Reached XP level 7. HP: 45/64 MP: 3/7
  3755 | D:4      | Found a staircase to the Ecumenical Temple.
  3895 | Temple   | Entered the Ecumenical Temple
  3998 | Temple   | Reached skill level 6 in Armour
  4231 | D:4      | Reached skill level 5 in Fighting
  4231 | D:4      | Reached skill level 5 in Maces & Flails
  4779 | D:5      | Entered Level 5 of the Dungeon
  4870 | D:5      | Found a burning altar of Makhleb.
  5228 | D:5      | Reached skill level 7 in Armour
  5228 | D:5      | Reached XP level 8. HP: 49/73 MP: 4/8
  5792 | D:6      | Reached ***** piety under Trog
  6026 | D:6      | Demolished by an ogre

Illustrated notes

Levels and vault maps discovered:
D:1:      spicycebolla_green_bress_n_ham_2, layout_basic,
          hellmonk_ecumenical_altar_arch_garden, minmay_unequal
D:2:      layout_rooms, basic_altar, serial_shops, shop, shop,
          nicolae_shop_hallway_stairs, shop, nicolae_shop_statue_plus
D:3:      layout_basic, grunt_temple_overflow_open, hangedman_feature_mirror,
          kennysheep_donut, uniq_sigmund, uniq_ijyb
D:4:      layout_loops_ring, minmay_temple_entry_ruins,
          nicolae_ossuary_entry_false_entrances
D:5:      layout_loops_cross, mainiacjoe_overflow_alcove_1,
          minmay_tree_intersection, skrybe_limestone_x,
          kennysheep_generic_room_6, uniq_menkaure
D:6:      layout_basic, minmay_diced_spiral
Temple:   nicolae_temple_elliptical

Skill      XL: |  1  2  3  4  5  6  7  8 |
---------------+-------------------------+-----
Armour         | 3 4 5 7 |  7.6
Fighting       | 3 4 5 6 |  6.0
Maces & Flails | 3 4 5 6 |  6.0
Dodging        | |  1.3

Action                   |  1- 3 |  4- 6 |  7- 9 || total
-------------------------+-------+-------+-------++-------
Melee: Mace              |   102 |   214 |   126 ||   442
       Tailslap          |    12 |    27 |    23 ||    62
       Punch             |     2 |     4 |     4 ||    10
Invok: Berserk           |       |     2 |     1 ||     3
  Use: Scroll            |       |     7 |     4 ||    11
Armor: Animal skin       |    42 |     8 |       ||    50
       Ring mail         |       |    23 |       ||    23
       Chain mail        |       |    59 |    75 ||   134
Dodge: Dodged            |    51 |    63 |    45 ||   159

Table legend: (Time is in decaauts)
 A = Elapsed time spent in this place.
 B = Non-inter-level travel time spent in this place.
 C = Inter-level travel time spent in this place.
 D = Time resting spent in this place.
 E = Time spent auto-exploring this place.
 F = Levels seen in this place.
 G = Mean time per level.
                   A        B        C        D        E       F      G
               +--------+--------+--------+--------+--------+-----+--------+
         Total |   6142 |   5881 |    261 |    313 |   4296 |   8 |  767.8 |
       Dungeon |   4985 |   4724 |    261 |    158 |   3623 |   6 |  830.8 |
        Temple |    169 |    169 |      0 |    155 |      0 |   1 |  169.0 |
       Ossuary |    987 |    987 |      0 |      0 |    673 |   1 |  987.0 |
               +--------+--------+--------+--------+--------+-----+--------+

Top non-repeatable levels by time:
 Ossuary: 987 daAuts
     D:4: 984 daAuts
     D:1: 948 daAuts
     D:3: 935 daAuts
     D:5: 932 daAuts
     D:2: 862 daAuts
     D:6: 323 daAuts
  Temple: 169 daAuts
